 Dungeon Crawl Stone Soup version 0.24-a0-201-gf205589 (webtiles) character file.

Game seed: 4200597160294399309

445 Borgoz the Cutter (level 7, -1/60 HPs)
             Began as a Ghoul Monk on Mar 23, 2019.
             Slain by an iguana (5 damage)
             ... on level 5 of the Dungeon.
             The game lasted 00:07:25 (2993 turns).

Borgoz the Cutter (Ghoul Monk)                      Turns: 2993, Time: 00:07:25

Health: -1/60      AC: 12    Str: 15    XL:     7   Next: 3%
Magic:  15/15      EV: 11    Int:  6    God:
Gold:   269        SH:  0    Dex: 17    Spells: 6/6 levels left

rFire    . . .     SeeInvis .   a - +0 short sword
rCold    + . .     Gourm    .   (no shield)
rNeg     + + +     Faith    .   l - +0 plate armour
rPois    ∞         Spirit   .   m - +0 helmet
rElec    .         Reflect  .   (no cloak)
rCorr    .         Harm     .   (no gloves)
MR       .....                  (no boots)
Stlth    ..........             (no amulet)
HPRegen  0.00/turn              k - ring of magical power
MPRegen  0.14/turn              (no ring)

@: agile, rotting
A: rotting body, claws 1, carnivore, cold resistance 1, negative energy
resistance 3, inhibited regeneration, torment resistance, unbreathing
a: no special abilities


You were on level 5 of the Dungeon.
You were not hungry.

You visited 1 branch of the dungeon, and saw 5 of its levels.

You collected 269 gold pieces.

Inventory:

Hand Weapons
 a - a +0 short sword (weapon)
Missiles
 s - 3 javelins (quivered)
Armour
 f - a +0 scale mail
 l - a +0 plate armour (worn)
 m - a +0 helmet (worn)
Jewellery
 k - a ring of magical power (left claw)
 o - an uncursed ring of positive energy {unknown}
Wands
 r - a wand of flame (16)
Scrolls
 b - 8 scrolls of identify {unknown}
 e - 3 scrolls of fear {unknown}
 g - a scroll of remove curse {unknown}
 h - 3 scrolls of teleportation {unknown}
 p - 2 scrolls of blinking {unknown}
 u - 2 scrolls of enchant weapon {unknown}
 v - 2 scrolls of enchant armour {unknown}
Comestibles
 c - 7 rations


   Skills:
 + Level 4.5 Fighting
 * Level 4.5 Short Blades
 * Level 3.5 Armour
 + Level 3.7 Dodging
 - Level 2.1 Stealth


You had 6 spell levels left.
You didn't know any spells.
Your spell library contained the following spells:

 Spells                   Type           Power        Failure   Level  Hunger
 Confusing Touch          Hex            #.....       100%        1    ##.....
 Confuse                  Hex            #.......     100%        3    ####...
 Gell's Gravitas          Tloc           #.........   100%        3    ####...
 Petrify                  Tmut/Erth      #.......     100%        4    #####..
 Metabolic Englaciation   Hex/Ice        #.........   100%        5    ######.
 Yara's Violent Unravell  Hex/Tmut       #.........   100%        5    ######.


Dungeon Overview and Level Annotations

Branches:
Dungeon (5/15)
 Temple: D:4-7

Altars:
Dithmenos
Hepliaklqana


Innate Abilities, Weirdness & Mutations

Your body is rotting away.
You thrive on raw meat.
You are immune to poison.
You have sharp fingernails.
You are carnivorous and can eat meat at any time.
Your flesh is cold resistant. (rC+)
You are immune to negative energy. (rN+++)
You do not regenerate when monsters are visible.
You are immune to unholy pain and torment.
You can survive without breathing.


Message History

You hit the iguana.
The iguana is moderately wounded.
You hit the iguana.
The iguana is heavily wounded.
The iguana bites you.
* * * LOW HITPOINT WARNING * * *
You hit the iguana.
The iguana is severely wounded.
The iguana barely misses you.
Your plate armour prevents you from hitting the iguana.
The iguana is severely wounded.
The iguana bites you.
* * * LOW HITPOINT WARNING * * *
You barely miss the iguana.
The iguana is severely wounded.
The iguana barely misses you.
You closely miss the iguana.
The iguana is severely wounded.
The iguana bites you.
You die...

. ... ######.....
######### ##..@l......
........#####..###......
..............## ...).
.........###### ####
........## ........#
........# ........#
.........


You could see an iguana.

Vanquished Creatures
  Duvessa (D:5)
  Dowan (D:5)
  A scorpion (D:5)
  A crimson imp (D:5)
  An orc wizard (D:3)
  A worker ant (D:4)
  Robin (D:2)
  3 adders
  A shadow imp (D:5)
  An adder skeleton (D:5)
  4 worms
  A dart slug (D:2)
  2 leopard geckos
  10 orcs
  8 bats
  4 giant cockroaches (D:1)
  14 goblins
  9 hobgoblins
  3 jackals (D:3)
  3 quokkas
  2 ball pythons (D:2)
  10 frilled lizards
  7 kobolds
  4 rats
  A butterfly (D:5)
94 creatures vanquished.

Notes
Turn   | Place    | Note
-------+----------+-------------------------------------------
     0 | D:1      | Borgoz the Ghoul Monk began the quest for the Orb.
     0 | D:1      | Reached XP level 1. HP: 19/19 MP: 0/0
   289 | D:1      | Reached XP level 2. HP: 20/26 MP: 1/1
   643 | D:1      | Reached skill level 1 in Armour
   800 | D:2      | Reached XP level 3. HP: 26/31 MP: 2/2
   897 | D:2      | Noticed Robin
   924 | D:2      | Killed Robin
   924 | D:2      | Reached XP level 4. HP: 13/40 MP: 3/3
  1138 | D:2      | Found a shadowy altar of Dithmenos.
  1281 | D:2      | Found a faded altar of an unknown god.
  2190 | D:3      | Reached XP level 5. HP: 33/46 MP: 4/4
  2385 | D:4      | Noticed an ogre
  2385 | D:4      | Noticed an ogre
  2519 | D:5      | Entered Level 5 of the Dungeon
  2519 | D:5      | Noticed Duvessa
  2519 | D:5      | Noticed Dowan
  2553 | D:5      | Killed Duvessa
  2553 | D:5      | Reached XP level 6. HP: 30/52 MP: 5/5
  2581 | D:5      | Killed Dowan
  2780 | D:5      | Found a hazy altar of Hepliaklqana.
  2851 | D:5      | Reached XP level 7. HP: 54/60 MP: 6/6
  2993 | D:5      | Slain by an iguana

Levels and vault maps discovered:
D:1:      lemuel_arrival_behind_the_door_small, layout_rooms
D:2:      layout_basic, first_ration, chequers_ecumenical_altar_grove,
          grunt_dithmenos_smoke_and_mirrors, uniq_robin
D:3:      layout_loops_ring
D:4:      layout_cave_pools, good_gods_mini_temple,
          minmay_overflow_temple_star_quad, minmay_unequal
D:5:      layout_rooms, lemuel_crystal_altar, minmay_temple_entry_butterflies,
          minmay_misc_feat_enclosed, uniq_duvessa

Skill      XL: |  1  2  3  4  5  6 |
---------------+-------------------+-----
Short Blades   | 3 4 |  4.5
Armour         | 1 2 3 |  3.5
Dodging        | 3 |  3.7
Fighting       | 4 |  4.5
Stealth        | |  2.1

Action                   |  1- 3 |  4- 6 |  7- 9 || total
-------------------------+-------+-------+-------++-------
Melee: Short sword       |   151 |   426 |    38 ||   615
Evoke: Wand              |       |       |     2 ||     2
  Use: Potion            |     1 |     5 |     1 ||     7
 Stab: Sleeping          |     1 |       |       ||     1
  Eat: Chunk             |     7 |    31 |     1 ||    39
Armor: Scale mail        |    36 |       |       ||    36
       Robe              |     2 |       |       ||     2
       Plate armour      |    38 |   329 |     9 ||   376
Dodge: Dodged            |    54 |    95 |     5 ||   154

Table legend:
 A = Non-vault XP
 B = Vault XP
 C = Vault XP percentage of total XP
 D = Non-vault monster count
 E = Vault monster count
 F = Vault count percentage of total count
                 A         B        C        D         E       F
            +---------+---------+-------+---------+---------+-------
      Total |     390 |     246 |  38.7 |      80 |      13 |  14.0
            +---------+---------+-------+---------+---------+-------
        D:1 |      24 |       0 |   0.0 |      15 |       0 |   0.0
        D:2 |      50 |      35 |  41.2 |      20 |      11 |  35.5
        D:3 |     103 |       0 |   0.0 |      32 |       0 |   0.0
        D:4 |      57 |       0 |   0.0 |       5 |       0 |   0.0
        D:5 |     156 |     211 |  57.5 |       8 |       2 |  20.0
            +---------+---------+-------+---------+---------+-------
